 Dungeon Crawl Stone Soup version 0.21-a0-155-gb8a8bae (webtiles) character file.

446 Ordine the Magician (level 6, -1/48 HPs)
             Began as a Deep Elf Wizard on Aug 3, 2017.
             Slain by a worm (3 damage)
             ... on level 4 of the Dungeon.
             The game lasted 00:12:07 (3940 turns).

Ordine the Magician (Deep Elf Wizard)               Turns: 3940, Time: 00:12:08

Health: -1/48      AC: 30    Str:  4    XL:     6   Next: 73%
Magic:  6/16       EV:  2    Int: 25    God:
Gold:   215        SH:  0    Dex: 13    Spells: 7/16 levels left

rFire    + . .     SeeInvis .   b - +1 dagger (protect)
rCold    + . .     Gourm    .   (no shield)
rNeg     + + +     Faith    .   (armour currently unavailable)
rPois    +         Spirit   .   (helmet currently unavailable)
rElec    +         Reflect  .   (cloak currently unavailable)
rCorr    +         Harm     .   (gloves currently unavailable)
MR       .....     NoTele   +   (boots currently unavailable)
Stlth    +++.......             (no amulet)
HPRegen  0.16/turn              q - ring of poison resistance
MPRegen  0.15/turn              (no ring)

@: tree-form, resistant, protection aura
A: no striking features
a: no special abilities


You were on level 4 of the Dungeon.
You were not hungry.
You were a tree.
You visited 1 branch of the dungeon, and saw 4 of its levels.

You collected 215 gold pieces.

Inventory:

Hand Weapons
 a - a +1 dagger of venom
 b - a +1 dagger of protection (weapon)
 k - a +2 dagger of speed
Armour
 e - a +2 cloak (melded)
 n - a +0 robe (melded)
 o - a +0 hat (melded)
Jewellery
 q - a ring of poison resistance (left branch)
Scrolls
 l - a scroll of enchant weapon
 m - a scroll of remove curse
Books
 c - a book of Minor Magic

   Spells                             Type                      Level
   a - Magic Dart                     Conjuration                  1
   b - Blink                          Translocation                2
   c - Call Imp                       Summoning                    2
   d - Slow                           Hexes                        2
   e - Conjure Flame                  Conjuration/Fire             3
   f - Mephitic Cloud                 Conjuration/Poison/Air       3
Comestibles
 d - a bread ration
 f - a meat ration
 i - a royal jelly


   Skills:
 + Level 4.2 Dodging
 + Level 4.5 Stealth
 + Level 5.9 Spellcasting
 + Level 3.0 Conjurations
   Level 1.1 Summonings
 - Level 2.0 Translocations
 + Level 2.4 Fire Magic
 + Level 2.0 Air Magic


You had 7 spell levels left.
You knew the following spells:

 Your Spells              Type           Power        Failure   Level  Hunger
a - Magic Dart            Conj           ###.         2%          1    None
b - Blink                 Tloc           N/A          4%          2    None
c - Conjure Flame         Conj/Fire      ###.....     8%          3    #......
d - Mephitic Cloud        Conj/Pois/Air  ###.....     11%         3    #......


Dungeon Overview and Level Annotations

Branches:
Dungeon (4/15)             Temple (0/1) D:4

Altars:
Kikubaaqudgha
Ru

Annotations:
D:3 MirrMurr's ghost, novice MfGl
D:4 Dowan


Message History

Your Air Magic skill increases to level 2!
Dowan gestures at you while chanting. The shard of ice hits you!
You partially resist.
* * * LOW HITPOINT WARNING * * *
Unknown command.
You miss Dowan. Dowan hits you but does no damage. x2
You hit Dowan.
Dowan is lightly wounded.
Dowan gestures wildly while chanting.
Dowan blinks!
The worm barely misses you.
You cannot move.
You hit Dowan but do no damage.
Dowan is lightly wounded.
Dowan hits you but does no damage. x2
You barely miss Dowan.
Dowan is lightly wounded.
Dowan says, "Her death will not be in vain!"
Dowan points at you and mumbles some strange words.
The shard of ice hits you! The worm bites you.
You die...

***,,,,,*** *,* *
*,,>,,+,*****#.# *
*,,,,,*,,,,,,..#
****,,,********#.#
,******** #.# *,**
*,* #[# **,* *,*
#.# *,* **,* ##e#
**,* *,,**** #.♣#
*,** *,,,,,* #w§#
,** *****,* #).#
** *,* #..# *,*
#.)# *,* #..#
**#.####..#
*,........# ******
*,#####...##


You could see Dowan and a worm.

Vanquished Creatures
  Duvessa (D:4)
  A crimson imp (D:4)
  Crazy Yiuf (D:2)
  4 orc wizards (D:4)
  3 worker ants
  3 adders
  A dart slug (D:2)
  2 worms
  2 leopard geckos (D:2)
  2 orcs
  A ball python (D:1)
  3 giant cockroaches
  10 goblins
  4 hobgoblins
  2 jackals (D:3)
  A quokka (D:2)
  4 bats
  4 frilled lizards
  10 kobolds
  10 rats
69 creatures vanquished.

Vanquished Creatures (others)
  An orc (D:4)
1 creature vanquished.

Grand Total: 70 creatures vanquished

Notes
Turn   | Place    | Note
-------+----------+-------------------------------------------
     0 | D:1      | Ordine the Deep Elf Wizard began the quest for the Orb.
     0 | D:1      | Reached XP level 1. HP: 10/10 MP: 7/7
   358 | D:1      | Reached XP level 2. HP: 15/15 MP: 5/9
   369 | D:1      | Learned a level 2 spell: Blink
  1607 | D:2      | Reached XP level 3. HP: 19/19 MP: 6/11
  1658 | D:2      | Learned a level 3 spell: Conjure Flame
  1662 | D:2      | Learned a level 3 spell: Mephitic Cloud
  1845 | D:2      | Found a runed door.
  2003 | D:2      | Reached skill level 5 in Spellcasting
  2212 | D:2      | Reached skill level 1 in Air Magic
  2213 | D:2      | Reached XP level 4. HP: 24/24 MP: 5/13
  2426 | D:2      | Found a faded altar of an unknown god.
  2630 | D:2      | Noticed Crazy Yiuf
  2660 | D:2      | Killed Crazy Yiuf
  2754 | D:3      | Reached skill level 1 in Fire Magic
  2769 | D:3      | Noticed MirrMurr's ghost (novice MfGl)
  2782 | D:3      | Found an ancient bone altar of Kikubaaqudgha.
  3094 | D:3      | Reached XP level 5. HP: 25/28 MP: 6/14
  3526 | D:4      | Found a sacrificial altar of Ru.
  3898 | D:4      | Reached XP level 6. HP: 32/32 MP: 3/16
  3903 | D:4      | Noticed Duvessa
  3904 | D:4      | Noticed Dowan
  3936 | D:4      | Killed Duvessa
  3936 | D:4      | HP: 1/48 [Dowan/shard of ice (6)]
  3940 | D:4      | Slain by a worm

Vault maps used:
D:1:      matt_arrival_spirals, serial_bayou_lake_a
D:2:      cheibrodos_old_hovel, chequers_ecumenical_altar_island,
          kennysheep_generic_room_12, uniq_crazy_yiuf_cottage
D:3:      lemuel_doored_altar
D:4:      tso_altar, bloody_trog, nicolae_ru_great_annihilating_truth,
          minmay_temple_entry_enclosed_plants, first_bread, uniq_duvessa,
          uniq_menkaure

Skill      XL: |  1  2  3  4  5  6 |
---------------+-------------------+-----
Dodging        | 3 4 |  4.2
Stealth        | 3 4 |  4.5
Spellcasting   | 5 |  5.9
Air Magic      | 1 2 |  2.0
Fire Magic     | 1 2 |  2.4
Conjurations   | 2 3 |  3.0
Translocations | 2 |  2.0
Summonings     | |  1.1

Action                   |  1- 3 |  4- 6 || total
-------------------------+-------+-------++-------
Melee: Dagger            |    10 |    49 ||    59
 Cast: Magic Dart        |   120 |    80 ||   200
       Mephitic Cloud    |       |     3 ||     3
       Conjure Flame     |       |     1 ||     1
  Use: Scroll            |       |     7 ||     7
       Potion            |       |     4 ||     4
 Stab: Confused          |       |     1 ||     1
  Eat: Chunk             |     4 |     5 ||     9
Armor: Robe              |     3 |     5 ||     8
       Skin              |       |    49 ||    49
Dodge: Dodged            |    13 |    28 ||    41
